Map: Ever Dream LE

Players

Trap - Winner!

  • Race: Protoss Protoss
  • Spawn Location: 7:00

Serral

  • Race: Zerg Zerg
  • Spawn Location: 1:00

Event: DreamHack SC2 Masters 2020 Summer Season Finals

VOD

Have the link to the VOD?

Description

Time

  • Played on: July 19, 2020, 1:15 p.m.
  • Length: 7:47

All games in this series

Show
View Real Time Build Order
Export as new Build Order

Trap Protoss - Winner!

Build Orders: 1 Gate Expand, Zealot Archon, Archon Drop 

Get SALT Encoding   

  12  0:00  Probe  
  13  0:13  Pylon  
  13  0:14  Probe  
  14  0:22  Probe  
  15  0:32  Probe  
  16  0:41  Gateway  
  16  0:44  Probe  
  17  0:50  Assimilator  
  17  0:56  Probe  
  18  1:08  Probe  
  19  1:20  Probe  
  20  1:26  Nexus  
  20  1:35  Cybernetics Core  
  20  1:38  Probe  
  21  1:46  Assimilator  
  21  1:50  Probe  
  22  1:55  Pylon  
  22  2:01  Probe  
  22  2:03  Adept  
  23  2:09  Probe  
  26  2:17  Probe  
  27  2:23  Twilight Council  
  27  2:29  Probe  
  28  2:34  Stalker  
  28  2:35  Probe  
  30  2:41  Probe  
  30  2:43  Probe  
  33  2:53  Probe  
  33  2:54  Probe  
  33  2:55  Robotics Facility  
  35  3:06  Probe  
  35  3:08  Gateway  
  35  3:12  Probe  
  37  3:13  Adept  
  37  3:23  Pylon  
  37  3:25  Pylon  
  38  3:29  Shield Battery  
  38  3:35  Cybernetics Core  
  38  3:36  Immortal  
  38  3:39  Pylon  
  38  3:42  Pylon  
  42  3:52  Zealot  
  42  3:53  Probe  
  42  3:54  Probe  
  46  4:02  Warp Gate  
  46  4:05  Dark Shrine, Probe  
  46  4:06  Warp Prism, Probe  
  48  4:20  Probe x2  
  52  4:25  Charge  
  52  4:29  Pylon  
  52  4:32  Probe x2  
  54  4:39  Assimilator  
  54  4:40  Assimilator  
  54  4:46  Gateway  
  54  4:48  Gateway  
  54  4:49  Probe  
  54  4:52  Probe  
  56  5:01  Probe  
  56  5:04  Probe  
  58  5:11  Forge  
  58  5:14  Pylon  
  58  5:16  Probe  
  58  5:17  Probe  
  58  5:20  Gateway  
  60  5:22  Gateway  
  60  5:25  Gateway  
  60  5:30  Gateway, Immortal  
  62  5:52  Dark Templar x4  
  68  6:01  Immortal  
  72  6:13  Archon  
  72  6:14  Archon  
  72  6:18  Pylon  
  72  6:28  Sentry x3, Zealot  
  72  6:30  Nexus  
  80  6:33  Observer  
  80  6:38  Pylon  
  80  6:43  Zealot x3  
  87  6:51  Pylon  
  87  6:54  Pylon  
  87  7:04  Dark Templar  
  87  7:05  Dark Templar, Zealot x3  
  97  7:09  Archon  
  97  7:10  Zealot x2  
  101  7:20  Pylon  
  101  7:24  Pylon  
  101  7:38  Zealot x7  
Show
View Real Time Build Order
Export as new Build Order

Serral Zerg 

Build Orders: Hatch First 

Get SALT Encoding   

  12  0:00  Drone  
  13  0:12  Overlord  
  13  0:17  Drone  
  14  0:31  Drone x2  
  16  0:38  Drone  
  17  0:51  Hatchery  
  17  0:54  Drone  
  17  0:58  Drone  
  17  1:01  Extractor  
  17  1:13  Spawning Pool  
  17  1:16  Drone  
  17  1:20  Drone  
  18  1:28  Drone  
  19  1:39  Drone  
  20  1:49  Overlord  
  20  2:01  Queen  
  20  2:03  Metabolic Boost  
  20  2:05  Queen  
  24  2:09  Zergling x2  
  24  2:12  Zergling x2  
  26  2:19  Zergling x2  
  26  2:20  Zergling x2  
  26  2:22  Zergling x2  
  29  2:24  Zergling x2  
  30  2:33  Zergling x2  
  30  2:36  Zergling x2  
  32  2:48  Hatchery  
  31  2:53  Overlord  
  31  2:57  Zergling x2  
  32  3:00  Zergling x2  
  32  3:02  Zergling x2  
  34  3:08  Zergling x2  
  34  3:09  Zergling x2  
  36  3:14  Zergling x4  
  38  3:22  Zergling x6  
  39  3:27  Zergling x2  
  39  3:28  Zergling x4  
  40  3:34  Drone  
  40  3:39  Drone  
  41  3:41  Drone  
  41  3:42  Drone x2  
  41  3:47  Overlord  
  43  3:53  Overlord  
  43  4:01  Drone x3  
  46  4:05  Drone x2  
  46  4:09  Drone  
  49  4:17  Queen  
  49  4:18  Drone  
  49  4:19  Drone  
  49  4:21  Drone  
  49  4:23  Drone  
  55  4:24  Drone  
  55  4:26  Drone  
  55  4:28  Drone  
  58  4:32  Overlord  
  58  4:35  Drone x2  
  58  4:38  Drone  
  61  4:44  Roach Warren  
  61  4:45  Drone x2  
  61  4:48  Drone  
  61  4:52  Queen  
  65  4:57  Drone x3  
  65  4:58  Drone  
  69  5:00  Extractor  
  69  5:02  Overlord, Extractor  
  69  5:05  Overlord  
  67  5:09  Overlord  
  67  5:25  Roach x6  
  81  5:30  Spore Crawler  
  81  5:32  Spore Crawler  
  79  5:36  Roach x2  
  79  5:42  Drone x2  
  82  5:46  Drone  
  82  5:47  Drone  
  82  5:49  Spore Crawler  
  79  5:59  Lair  
  79  6:00  Drone x3  
  79  6:01  Drone x2, Extractor  
  83  6:04  Overlord  
  83  6:07  Overlord  
  83  6:09  Roach  
  85  6:13  Roach  
  85  6:14  Roach  
  89  6:22  Overlord x2  
  89  6:25  Roach  
  93  6:33  Evolution Chamber, Drone x3  
  93  6:36  Drone  
  93  6:37  Drone  
  93  6:39  Drone x2  
  97  6:43  Drone  
  97  6:44  Baneling Nest  
  97  6:49  Drone x3  
  97  6:50  Drone  
  99  7:01  Roach  
  99  7:02  Roach  
  99  7:05  Roach x2  
  103  7:09  Roach x2  
  103  7:10  Ravager x2  
  103  7:11  Ravager  
  103  7:15  Roach  
  112  7:16  Overlord  
  112  7:18  Overlord  
  112  7:29  Ravager x2  
Tags
 
Add a new tag
Caveats
  • Supply blocks, unpowered buildings, or Contaminate may cause inaccurate times.
  • Supply counts are checked every 10 seconds.